 Dungeon Crawl Stone Soup version 0.25.1-9-gc5326a611f (webtiles) character file.

Game seed: 13567626360911707029

20674 GameOver the Basher (level 12, -4/105 HPs)
             Began as a Naga Wizard on Dec 31, 2020.
             Was a High Priest of Okawaru.
             Shot with an arrow by a centaur (16 damage)
             ... in a volcano.
             The game lasted 01:47:37 (11217 turns).

GameOver the Basher (Naga Wizard)                  Turns: 11217, Time: 01:47:37

Health: -4/105     AC: 14    Str:  9    XL:     12   Next: 82%
Magic:  15/21      EV:  9    Int: 23    God:    Okawaru [*****.]
Gold:   727        SH:  0    Dex: 11    Spells: 5/24 levels left

rFire    . . .     SeeInvis +   w - +2 whip (elec)
rCold    + + .     Gourm    .   (no shield)
rNeg     + . .     Faith    .   j - +0 troll leather armour
rPois    +         Spirit   .   b - +0 hat
rElec    .         Reflect  .   (no cloak)
rCorr    .         Harm     .   c - +0 pair of gloves
MR       +....     Clarity  +   A - +1 naga barding {rC+}
Stlth    ++++++....             (no amulet)
HPRegen  0.67/turn              R - ring "Amoakorr" {rC+ rN+}
MPRegen  0.17/turn              f - ring of stealth

@: very slightly contaminated, very slow
A: large, horns 1, repulsion field 1, camouflage 1, see invisible, clarity,
deformed body, poison resistance, slowness 2, slow metabolism 1, spit poison 1,
AC +4
a: Spit Poison, Heroism, Finesse, Renounce Religion


You were in a volcano.
You worshipped Okawaru.
Okawaru was extremely pleased with you.
You were full.

You visited 3 branches of the dungeon, and saw 16 of its levels.
You also visited: Sewer and Volcano.

You collected 727 gold pieces.

Inventory:

Hand Weapons
 s - a +4 trident of freezing
 w - a +2 whip of electrocution (weapon)
 S - a +2 lajatang of speed
 W - a +4 long sword of flaming
Missiles
 l - 5 throwing nets (quivered)
Armour
 b - a +0 hat (worn)
 c - a +0 pair of gloves (worn)
 j - a +0 troll leather armour (worn)
 p - a +1 ring mail of cold resistance
 y - a +0 kite shield
 A - a +1 naga barding of cold resistance (worn)
Jewellery
 f - a ring of stealth (right hand)
 m - an uncursed ring of resist corrosion
 I - an uncursed ring of ice
 R - the ring "Amoakorr" (left hand) {rC+ rN+}
   (You found it on level 12 of the Dungeon)

   [ring of protection from cold]

   It protects you from cold.
   It protects you from negative energy.
Wands
 u - a wand of iceblast (10)
 v - a wand of enslavement (11)
 z - a wand of polymorph (7)
 B - a wand of acid (9)
 J - a wand of digging (5)
 M - a wand of clouds (8)
 Q - a wand of disintegration (9)
Scrolls
 h - 7 scrolls of teleportation
 i - 3 scrolls of remove curse
 k - a scroll of blinking
 x - a scroll of fear {unknown}
 D - 4 scrolls of magic mapping {unknown}
 E - 2 scrolls of immolation
Potions
 a - 2 potions of stabbing {unknown}
 e - a potion of berserk rage
 g - 5 potions of curing
 n - a potion of heal wounds
 o - 2 potions of flight
 q - a potion of might
 C - a potion of mutation
 F - a potion of magic
 G - a potion of ambrosia {unknown}
 N - 3 potions of brilliance {unknown}
 O - 2 potions of haste {unknown}
Comestibles
 d - 24 rations


   Skills:
 - Level 6.0 Fighting
 + Level 11.4 Maces & Flails
 - Level 5.0 Armour
 - Level 2.0 Dodging
 - Level 9.0 Stealth
 + Level 6.5 Spellcasting
 - Level 6.0 Conjurations
 + Level 3.8 Charms
   Level 1.0 Summonings
 - Level 1.0 Translocations
 * Level 5.7 Ice Magic
 - Level 9.0 Poison Magic
 - Level 6.0 Invocations


You had 5 spell levels left.
You knew the following spells:

 Your Spells              Type           Power        Failure   Level  Hunger
a - Magic Dart            Conj           ####         1%          1    None
b - Blink                 Tloc           N/A          11%         2    None
c - Ozocubu's Armour      Chrm/Ice       ####....     4%          3    #......
d - Mephitic Cloud        Conj/Pois/Air  ####....     4%          3    #......
f - Conjure Flame         Conj/Fire      ###.....     10%         3    #......
s - Hailstorm             Conj/Ice       ####....     10%         4    ###....
F - Frozen Ramparts       Ice            ####..       3%          3    #......

Your spell library contained the following spells:

 Spells                   Type           Power        Failure   Level  Hunger
 Freeze                   Ice            ####         1%          1    None
 Call Imp                 Summ           ##......     11%         2    None
 Slow                     Hex            #.......     16%         2    None
 Summon Ice Beast         Ice/Summ       ###.....     26%         4    ###....


Dungeon Overview and Level Annotations

Branches:
Dungeon (12/15)            Temple (1/1) D:5            Lair (2/6) D:11
    Orc (0/2) D:11          Sewer (visited)         Volcano (1/1)
  Swamp: Lair:2-4    Shoals: Lair:2-4     Snake: Lair:2-4    Spider: Lair:2-4

Altars:
Ashenzari
Cheibriados
Dithmenos
Elyvilon
Fedhas
Gozag
Hepliaklqana
Kikubaaqudgha
Makhleb
Nemelex Xobeh
Okawaru
Qazlal
Ru
Sif Muna
Trog
Uskayaw
Vehumet
Wu Jian
Xom
Yredelemnul
Zin
The Shining One

Shops:
D:12 (

Annotations:
D:7 2 transporters, Tali's ghost, novice DsBe
D:10 exclusion: obsidian statue


Innate Abilities, Weirdness & Mutations

You cannot wear boots.
Your serpentine skin is tough. (AC +4)
You have supernaturally acute eyesight. (SInv)
Armour fits poorly on your strangely shaped body.
Your system is resistant to poisons. (rPois)
You cover ground very slowly.
You have a slow metabolism.
You can spit poison.
You have a pair of small horns on your head.
You are surrounded by a mild repulsion field. (EV +2)
Your skin changes colour to match your surroundings (Stealth+).
You possess an exceptional clarity of mind.


Message History

* * * LOW HITPOINT WARNING * * *
You see here an arrow.
Unknown command.
Okay, then.
Blink to where?
Press: ? - help, Dir - move target cursor You are very lightly contaminated with residual magic.
As you read the scroll of blinking, it crumbles to dust.
As you read the scroll of fog, it crumbles to dust.
The scroll dissolves into smoke.
The centaur shoots an arrow.
The arrow hits you!
* * * LOW HITPOINT WARNING * * *
The arrow burns you.
* * * LOW HITPOINT WARNING * * *
Unknown command.
The air gets thick with the scent of sulphur.
As you read the scroll of fog, it crumbles to dust.
The scroll dissolves into smoke.
The centaur shoots an arrow.
The arrow hits you!
You die...

####§§...##
#.....#
#8...8#
#..§§§#
#.§§§§#
#8§§§8#
#§§§c§#
#§§§§§#
#8§§@8#
#.§§§§#
#.§§§§#
#8.∩.8#
##...##
##∩## ###


You could see a centaur.

Vanquished Creatures
  Fannar (Lair:1)
  Harold (D:7)
  A hydra (D:11)
  A centaur warrior (Volcano)
  Urug (D:12)
  Pikel (D:6)
  An ugly thing (D:11)
  2 centaur zombies
  A spiny frog (Lair:1)
  Maggie (D:6)
  3 gargoyles
  3 komodo dragons (Lair:1)
  5 trolls
  A merfolk (D:10)
  3 meliai (D:12)
  A queen bee (D:12)
  Prince Ribbit (D:7)
  7 hippogriffs
  2 shadows (D:11)
  3 wyverns
  A basilisk (Lair:1)
  2 humans (D:11)
  A hungry ghost (D:11)
  15 yaks
  4 vampire mosquitoes (D:12)
  Menkaure (D:5)
  A water moccasin (Lair:1)
  4 porcupines
  7 orc warriors
  4 ice beasts
  3 sky beasts
  4 black bears
  5 ogres
  2 phantoms (D:9)
  2 eyes of draining
  3 centaurs (D:8)
  3 wolves (Lair:1)
  2 crocodiles
  3 big kobolds
  8 bullfrogs
  A gnoll sergeant (D:10)
  23 killer bees
  2 scorpions
  16 wights
  6 howler monkeys
  4 crimson imps
  2 hounds
  7 orc wizards
  A centaur skeleton (D:12)
  9 orc priests
  2 bullfrog skeletons
  5 iguanas
  Ijyb (D:4)
  2 worker ants
  A killer bee zombie (D:6)
  A hound zombie (D:6)
  2 hound skeletons
  A gnoll (D:4)
  9 adders
  A howler monkey skeleton (D:7)
  A river rat (Sewer)
  5 shadow imps
  An ooze (D:6)
  An adder zombie (D:7)
  A worm (D:2)
  2 dart slugs
  6 leopard geckos
  47 orcs
  8 bats
  5 giant cockroaches
  5 goblins
  6 hobgoblins
  17 jackals
  3 quokkas
  3 frilled lizards
  A giant cockroach zombie (D:5)
  25 kobolds
  2 quokka skeletons
  12 rats
362 creatures vanquished.

Vanquished Creatures (collateral kills)
  2 killer bees
2 creatures vanquished.

Vanquished Creatures (others)
  An adder (D:6)
  2 fungi (D:11)
  A plant (D:11)
4 creatures vanquished.

Grand Total: 368 creatures vanquished

Notes
Turn   | Place    | Note
-------+----------+-------------------------------------------
     0 | D:1      | GameOver the Naga Wizard began the quest for the Orb.
     0 | D:1      | Reached XP level 1. HP: 15/15 MP: 4/4
   264 | D:1      | Reached XP level 2. HP: 19/22 MP: 0/6
   925 | D:2      | Reached XP level 3. HP: 28/28 MP: 5/7
   937 | D:2      | Learned a level 2 spell: Blink
   941 | D:2      | Learned a level 3 spell: Mephitic Cloud
  1027 | D:2      | Found a white marble altar of Elyvilon.
  1641 | D:3      | Reached XP level 4. HP: 36/36 MP: 4/8
  1696 | D:3      | Found a faded altar of an unknown god.
  1712 | D:3      | Reached XP level 5. HP: 39/42 MP: 6/9
  1778 | D:3      | Found a sparkling altar of Nemelex Xobeh.
  2124 | D:4      | Learned a level 3 spell: Conjure Flame
  2206 | D:4      | Reached skill level 1 in Poison Magic
  2348 | D:4      | Reached skill level 5 in Conjurations
  2422 | D:4      | Noticed Ijyb
  2423 | D:4      | Found a bloodstained altar of Trog.
  2423 | D:4      | Noticed an eye of draining
  2482 | D:4      | Killed Ijyb
  2524 | D:4      | Killed an eye of draining
  2524 | D:4      | Reached XP level 6. HP: 41/49 MP: 0/10
  3016 | D:5      | Entered Level 5 of the Dungeon
  3107 | D:5      | Noticed Menkaure
  3124 | D:4      | Reached skill level 5 in Stealth
  3124 | D:4      | Reached XP level 7. HP: 27/55 MP: 2/11
  3575 | D:5      | Found a staircase to the Ecumenical Temple.
  3581 | Temple   | Entered the Ecumenical Temple
  3611 | Temple   | Became a worshipper of Warmaster Okawaru
  3813 | D:5      | Killed Menkaure
  3911 | D:6      | Found a glowing drain.
  4037 | D:6      | Gained mutation: Your skin changes colour to match your
                  | surroundings (Stealth+). [potion of mutation]
  4037 | D:6      | Gained mutation: You have a pair of small horns on your
                  | head. [potion of mutation]
  4037 | D:6      | Gained mutation: You possess an exceptional clarity of
                  | mind. [potion of mutation]
  4037 | D:6      | Gained mutation: You are surrounded by a mild repulsion
                  | field. (EV +2) [potion of mutation]
  4068 | Sewer    | Entered a sewer
  4138 | Sewer    | Reached skill level 5 in Poison Magic
  4159 | Sewer    | Found a white marble altar of Elyvilon.
  4283 | D:6      | Reached * piety under Okawaru
  4303 | D:6      | Noticed Pikel
  4326 | D:6      | Killed Pikel
  4326 | D:6      | Reached ** piety under Okawaru
  4326 | D:6      | Reached XP level 8. HP: 32/62 MP: 2/12
  4423 | D:6      | Found an ornate altar of the Wu Jian Council.
  4517 | D:6      | Noticed Maggie
  4527 | D:6      | Reached skill level 1 in Maces & Flails
  4542 | D:6      | Killed Maggie
  4542 | D:6      | Reached *** piety under Okawaru
  4542 | D:6      | Reached skill level 3 in Maces & Flails
  4856 | D:7      | Found a transporter.
  4856 | D:7      | Noticed a two-headed ogre
  4864 | D:7      | Noticed Tali's ghost (novice DsBe)
  4871 | D:7      | Got a crude whip
  4887 | D:7      | Found a transporter.
  4897 | D:7      | Reached skill level 1 in Invocations
  4897 | D:7      | Reached XP level 9. HP: 69/69 MP: 2/13
  5051 | D:7      | Reached skill level 1 in Fighting
  5054 | D:7      | Identified the +4 whip "Ywko" {vorpal, +Fly Str-5 SInv
                  | Stlth+} (You found it on level 7 of the Dungeon)
  5096 | D:8      | Reached skill level 1 in Armour
  5226 | D:7      | Reached skill level 4 in Maces & Flails
  5298 | D:7      | Noticed Prince Ribbit
  5301 | D:7      | Noticed Harold
  5312 | D:7      | Killed Prince Ribbit
  5331 | D:7      | Killed Harold
  5331 | D:7      | Reached **** piety under Okawaru
  5331 | D:7      | Reached skill level 5 in Maces & Flails
  5504 | D:8      | Reached XP level 10. HP: 84/84 MP: 6/14
  5579 | D:8      | Reached skill level 6 in Maces & Flails
  5740 | D:8      | Found a bloodstained altar of Trog.
  5869 | D:8      | Reached ***** piety under Okawaru
  5909 | D:8      | Reached skill level 7 in Maces & Flails
  5945 | D:8      | Found an ancient bone altar of Kikubaaqudgha.
  5945 | D:8      | Found a hazy altar of Hepliaklqana.
  5964 | D:8      | Found a faded altar of an unknown god.
  5966 | D:8      | Found a faded altar of an unknown god.
  5967 | D:8      | Found a stormy altar of Qazlal.
  6195 | D:9      | Reached skill level 5 in Invocations
  6434 | D:9      | Reached skill level 5 in Fighting
  6434 | D:9      | Reached skill level 8 in Maces & Flails
  6568 | D:9      | Reached XP level 11. HP: 77/94 MP: 10/15
  6802 | D:9      | Received a gift from Okawaru
  7015 | D:10     | Entered Level 10 of the Dungeon
  7121 | D:10     | Noticed an obsidian statue
  7506 | D:10     | Reached skill level 9 in Maces & Flails
  7773 | D:11     | Noticed a six-headed hydra
  7784 | D:11     | Killed a six-headed hydra
  7784 | D:11     | Reached skill level 5 in Armour
  7841 | D:11     | Noticed a cyclops
  7965 | D:11     | Found a staircase to the Lair.
  8166 | D:11     | Reached skill level 10 in Maces & Flails
  8357 | D:11     | Reached skill level 5 in Spellcasting
  8431 | D:11     | Found an iron altar of Okawaru.
  8481 | D:11     | Noticed a brown ugly thing
  8494 | D:11     | Killed a brown ugly thing
  8494 | D:11     | Reached XP level 12. HP: 86/105 MP: 6/19
  8515 | D:11     | Learned a level 3 spell: Ozocubu's Armour
  8519 | D:11     | Learned a level 3 spell: Frozen Ramparts
  8524 | D:11     | Learned a level 4 spell: Hailstorm
  8618 | D:11     | Found a staircase to the Orcish Mines.
  9238 | D:12     | Reached skill level 1 in Ice Magic
  9290 | D:12     | Reached skill level 1 in Charms
  9537 | D:12     | Received a gift from Okawaru
  9566 | D:12     | Noticed Urug
  9578 | D:12     | Reached skill level 11 in Maces & Flails
  9582 | D:12     | Killed Urug
  9753 | D:12     | Found Uvvyij's Weapon Shoppe.
  9788 | D:12     | Got an ancient lead ring
  9897 | D:12     | Identified the ring "Amoakorr" {rC+ rN+} (You found it on
                  | level 12 of the Dungeon)
 10121 | Lair:1   | Entered Level 1 of the Lair of Beasts
 10227 | Lair:1   | Noticed Fannar
 10319 | Lair:1   | Reached skill level 5 in Ice Magic
 10351 | Lair:1   | Killed Fannar
 11118 | Lair:2   | You fall into a shaft and drop 2 floors!
 11129 | Lair:4   | Found a dark tunnel.
 11169 | Volcano  | Entered a volcano
 11198 | Volcano  | Noticed a centaur warrior
 11203 | Volcano  | Killed a centaur warrior
 11217 | Volcano  | Shot with an arrow by a centaur

Illustrated notes

Levels and vault maps discovered:
D:1:      scummos_arrival_simple_crosswalls, layout_basic, glass_columns_c,
          solitary_fountain
D:2:      layout_loops_ring, elyvilon_altar_4, first_ration
D:3:      layout_basic, chequers_ecumenical_altar_island, minmay_liquid_box,
          nemelex_spade_bored_becter
D:4:      layout_basic, trog_eyes_of_draining, serial_co_window_serial,
          co_window_corner_a, co_window_of_opportunity_a,
          co_window_of_opportunity_a, co_window_paths_b,
          co_window_of_opportunity_a, co_window_unsneaky_path_d,
          co_window_corner_ca, co_window_unsneaky_path_c, glass_columns_a,
          glass_columns_a, uniq_ijyb
D:5:      layout_basic, minmay_temple_entry_enclosed_plants, uniq_menkaure
D:6:      layout_gridville, lemuel_coloured_pillars_altar,
          gup_sewer_entry_glass, uniq_maggie, uniq_pikel
D:7:      layout_basic, gammafunk_ghost_arena, uniq_prince_ribbit1, uniq_harold
D:8:      layout_rooms, chequers_temple_overflow_minitemple,
          david_defended_altar_orc
D:9:      layout_basic
D:10:     layout_long_grid, hangedman_fish_farm, minivault_16,
          serial_bayou_pond_b
D:11:     layout_stronghold, grunt_lair_entry_orc_guard_hut, david_orc_2,
          okawaru_humans
D:12:     layout_roguey, special_room [special_room_bee], serial_shops,
          nicolae_shop_window_shopping, uniq_urug
Temple:   lightli_temple_of_artemis
Lair:1:   layout_regular_city, chequers_serial_rivers_small_3,
          grunt_megastairs_4, uniq_fannar
Lair:2:   layout_cave_shapes, skrybe_swamp_entry_bodies
Lair:4:   minmay_lair_oklob_tunnel, layout_gridlike,
          minmay_snake_entry_spellcaster, lightli_volcano_entry_magma_tube,
          serial_bayou_shore_a, grunt_megastairs_2, lemuel_fruit_fields,
          serial_bayou_shore_b, uniq_sonja
Volcano:  kennysheep_volcano_temple

Skill      XL: |  1  2  3  4  5  6  7  8  9 10 11 12 |
---------------+-------------------------------------+-----
Conjurations   | 2 4 5 6 |  6.0
Poison Magic   | 2 3 7 8 9 |  9.0
Stealth        | 4 5 9 |  9.0
Maces & Flails | 3 5 8 10 11 | 11.4
Invocations    | 1 3 5 6 |  6.0
Fighting       | 3 5 6 |  6.0
Armour         | 2 4 5 |  5.0
Dodging        | 2 |  2.0
Spellcasting   | 5 6 |  6.5
Ice Magic      | 5 |  5.7
Charms         | 3 |  3.8
Summonings     | |  1.0
Translocations | |  1.0

Action                   |  1- 3 |  4- 6 |  7- 9 | 10-12 || total
-------------------------+-------+-------+-------+-------++-------
Melee: Short sword       |     8 |    26 |    30 |       ||    64
       Dagger            |     1 |       |       |       ||     1
       Whip              |       |    12 |    69 |   565 ||   646
       Unarmed           |       |    12 |       |       ||    12
       Headbutt          |       |       |     8 |    72 ||    80
       Punch             |       |       |       |     3 ||     3
       Lajatang          |       |       |       |    21 ||    21
 Cast: Magic Dart        |    54 |    52 |   144 |   133 ||   383
       Mephitic Cloud    |       |     4 |    14 |    67 ||    85
       Blink             |       |     1 |       |     1 ||     2
       Conjure Flame     |       |       |       |    12 ||    12
       Frozen Ramparts   |       |       |       |    10 ||    10
       Ozocubu's Armour  |       |       |       |     2 ||     2
       Hailstorm         |       |       |       |     2 ||     2
Invok: Heroism           |       |       |     2 |    20 ||    22
       Finesse           |       |       |       |     1 ||     1
 Abil: Spit Poison       |    31 |    35 |    48 |   128 ||   242
  Use: Scroll            |     5 |       |     1 |    11 ||    17
       Potion            |       |       |     4 |     2 ||     6
 Stab: Sleeping          |     1 |       |     2 |     3 ||     6
       Confused          |       |     2 |     5 |    31 ||    38
  Eat: Chunk             |     3 |     7 |     8 |    24 ||    42
       Ration            |       |       |     1 |     3 ||     4
Armor: Robe              |     9 |     2 |    16 |       ||    27
       Skin              |       |    10 |       |       ||    10
       Steam dragon scal |       |       |    16 |    13 ||    29
       Troll leather arm |       |       |       |   128 ||   128
Dodge: Dodged            |    18 |    20 |    80 |   188 ||   306
